Map: Ulrena

Players

MARV

  • Race: Zerg Zerg
  • League: Gold

capac - Winner!

  • Race: Terran Terran
  • League: Gold

VOD

Have the link to the VOD?

Description

Time

  • Played on: Feb. 9, 2016, 2:07 p.m.
  • Length: 8:54
Show
View Real Time Build Order
Export as new Build Order

MARV Zerg 

Build Orders: Pool First 

Get SALT Encoding   

  12  0:02  Drone  
  13  0:08  Drone  
  13  0:14  Extractor  
  13  0:15  Drone  
  14  0:35  Spawning Pool  
  13  0:40  Drone  
  14  0:44  Extractor  
  14  0:45  Drone  
  15  0:59  Overlord  
  15  1:22  Queen  
  15  1:23  Metabolic Boost  
  17  1:30  Zergling x4  
  17  1:31  Zergling x2  
  20  1:57  Hatchery  
  19  2:06  Zergling x2  
  19  2:07  Zergling x2  
  21  2:20  Drone  
  21  2:21  Baneling Nest  
  21  2:27  Overlord  
  21  2:40  Drone  
  22  2:47  Drone x3  
  25  2:55  Drone  
  25  3:11  Roach Warren  
  24  3:19  Queen  
  26  3:29  Drone x2  
  26  3:30  Drone  
  29  3:38  Drone x2  
  31  3:44  Extractor  
  31  3:46  Drone x2  
  31  4:04  Overlord, Drone x2  
  31  4:08  Lair  
  33  4:15  Drone x2  
  35  4:18  Overlord  
  35  4:21  Baneling  
  35  4:22  Baneling  
  35  4:38  Evolution Chamber  
  34  4:49  Spore Crawler  
  33  4:54  Roach  
  33  4:55  Roach x2  
  33  4:56  Overlord, Roach x2  
  43  5:02  Drone x3  
  46  5:11  Zerg Ground Armor Level 1  
  46  5:20  Overseer  
  46  5:24  Overseer  
  46  5:32  Drone  
  46  5:33  Drone x4  
  46  5:34  Roach x2  
  55  5:39  Glial Reconstitution  
  55  5:43  Centrifical Hooks  
  55  5:49  Drone  
  57  5:50  Drone  
  57  5:55  Extractor  
  56  6:10  Roach x2  
  60  6:11  Overlord  
  60  6:12  Overlord  
  54  6:26  Hatchery  
  53  6:37  Spore Crawler x2  
  51  6:40  Spore Crawler  
  51  6:41  Spore Crawler  
  38  7:05  Drone x2  
  38  7:06  Drone  
  41  7:19  Drone  
  42  7:33  Overlord  
  42  7:43  Drone  
  43  7:50  Drone x2  
  43  7:51  Drone x2  
  47  7:59  Drone x2  
  49  8:07  Drone  
  49  8:08  Drone  
  51  8:14  Drone x2  
  53  8:21  Drone  
  53  8:22  Drone  
  55  8:33  Drone x3  
  55  8:34  Drone  
Show
View Real Time Build Order
Export as new Build Order

capac Terran - Winner!

Build Orders:  

Get SALT Encoding   

  12  0:00  SCV  
  13  0:13  SCV  
  14  0:18  Supply Depot  
  14  0:25  SCV  
  15  0:39  SCV  
  15  0:40  Barracks  
  16  0:51  SCV  
  16  0:52  Refinery  
  17  1:03  SCV  
  18  1:18  SCV  
  19  1:37  SCV  
  19  1:39  Supply Depot  
  20  1:40  Marine  
  20  1:44  Refinery  
  21  1:49  Orbital Command  
  21  1:54  Factory  
  21  1:59  Marine  
  22  2:17  Marine  
  23  2:33  Command Center  
  23  2:35  Marine  
  23  2:40  Factory Tech Lab  
  23  2:48  Bunker  
  23  2:53  Marine  
  24  3:00  Siege Tank  
  24  3:03  SCV  
  28  3:09  Supply Depot  
  28  3:19  Marine  
  29  3:27  SCV  
  30  3:42  Marine  
  30  3:44  Starport  
  31  4:01  Marine  
  32  4:09  SCV  
  33  4:15  Liberator  
  33  4:19  Marine  
  33  4:21  SCV  
  35  4:26  Bunker  
  35  4:31  Siege Tank  
  41  4:41  Barracks  
  41  4:46  SCV  
  41  4:50  Orbital Command  
  42  4:58  SCV  
  43  5:07  Barracks Tech Lab  
  43  5:10  SCV  
  44  5:20  Barracks  
  44  5:22  SCV  
  44  5:25  Siege Tank  
  44  5:27  Starport Reactor  
  48  5:44  Supply Depot  
  48  5:45  SCV  
  48  5:48  SCV  
  48  5:49  Marine  
  51  5:51  Barracks Reactor  
  51  5:57  SCV  
  51  6:00  SCV  
  53  6:06  Siege Tank  
  53  6:07  Marine  
  58  6:18  SCV  
  58  6:20  Medivac x2  
  62  6:44  Supply Depot  
  62  6:47  Marine x2, Siege Tank  
  62  6:48  Supply Depot  
  62  6:49  Supply Depot, Barracks Reactor  
  62  6:53  Barracks  
  67  7:09  Marine x3  
  67  7:12  Supply Depot  
  70  7:16  Supply Depot  
  70  7:18  Supply Depot  
  70  7:21  SCV x2  
  72  7:29  Siege Tank  
  75  7:36  Supply Depot  
  75  7:38  SCV x2  
  77  7:57  Marine x3  
  77  7:58  Marine x2  
  82  8:06  Barracks Reactor  
  82  8:10  Barracks  
  82  8:15  Marine x4  
  82  8:16  Marine  
Tags
 
League
GoldGold
Matchup
TvZ
Opening
Pool First
Add a new tag
Caveats
  • Supply blocks, unpowered buildings, or Contaminate may cause inaccurate times.
  • Supply counts are checked every 10 seconds.